 Dungeon Crawl Stone Soup version 0.19.0-11-g3fc08b3 (webtiles) character file.

319 honkan the Chopper (level 6, -2/56 HPs)
             Began as a Minotaur Berserker on Nov 8, 2016.
             Was a Believer of Trog.
             Slain by veneficus's ghost (11 damage)
             ... on level 6 of the Dungeon.
             The game lasted 00:29:54 (4380 turns).

honkan the Chopper (Minotaur Berserker)             Turns: 4380, Time: 00:29:55

Health: -2/56      AC:  9    Str: 20 (23) XL:     6   Next: 21%
Magic:  5/5        EV:  8    Int:  1 (4)  God:    Trog [**....]
Gold:   140        SH:  0    Dex:  9 (10) Spells: 0 memorised, 5 levels left

rFire  . . .     SeeInvis .     u - +0 war axe
rCold  . . .     Gourm    .     g - +0 chain mail
rNeg   . . .     Faith    .     (no shield)
rPois  .         Spirit   .     (helmet restricted)
rElec  .         Reflect  .     (no cloak)
rCorr  .         Harm     .     (no gloves)
MR     ++...                    (no boots)
Stlth  ..........               (no amulet)
                                (no ring)
                                (no ring)

@: exhausted, regenerating, slowed, very slow
A: retaliatory headbutt, horns 2
a: Berserk, Trog's Hand, Burn Spellbooks, Renounce Religion


You were on level 6 of the Dungeon.
You worshipped Trog.
Trog was pleased with you.
You were not hungry.

You visited 1 branch of the dungeon, and saw 5 of its levels.

You collected 140 gold pieces.

Inventory:

Hand Weapons
 a - a +0 hand axe
 k - a +0 flail
 u - a +0 war axe (weapon)
Missiles
 c - 17 bolts
 i - 13 poisoned needles
 n - 13 arrows
 w - 7 needles of confusion
Armour
 b - a +0 animal skin
 f - a +0 ring mail
 g - a +0 chain mail (worn)
 l - a +0 scale mail
 v - a +0 leather armour
Wands
 o - a wand of hasting (7/9)
 x - a wand of random effects (27/48)
Potions
 d - 2 potions of lignification {unknown}
 q - a potion of berserk rage {unknown}
 r - a potion of ambrosia {unknown}
 t - a potion of cure mutation {unknown}
Books
 h - a book of Minor Magic

   Spells                             Type                      Level
   a - Magic Dart                     Conjuration                  1
   b - Blink                          Translocation                2
   c - Call Imp                       Summoning                    2
   d - Repel Missiles                 Charms/Air                   2
   e - Slow                           Hexes                        2
   f - Conjure Flame                  Conjuration/Fire             3
   g - Mephitic Cloud                 Conjuration/Poison/Air       3
   Trog disapproves of the use of such an item.
Comestibles
 m - a royal jelly
 s - 2 bread rations


   Skills:
 + Level 5.1 Fighting
 + Level 6.1 Axes
 + Level 4.2 Armour
 + Level 2.9 Dodging
 + Level 0.8 Stealth


You had 5 spell levels left.
You didn't know any spells.

Dungeon Overview and Level Annotations

Branches:
Dungeon (4/15)
 Temple: D:4-7

Altars:
Vehumet

Annotations:
D:2 Done
D:6 veneficus's ghost, novice MiBe


Innate Abilities, Weirdness & Mutations

You reflexively headbutt those who attack you in melee.
You have a pair of horns on your head.


Message History

Here: veneficus's ghost, wielding a weapon of freezing (moderately damaged)
The floor.
Zapping:
x - a wand of random effects (28/48)
Press: ? - help, Shift-Dir - straight line, f/p - veneficus's ghost
Aim: veneficus's ghost, wielding a weapon of freezing (moderately damaged) Veneficus's ghost resists with almost no effort.
This wand has 27 charges left.
Your skin stops crawling.
You feel less resistant to hostile enchantments.
Veneficus's ghost hits you.
* * * LOW HITPOINT WARNING * * *
Veneficus's ghost freezes you.
* * * LOW HITPOINT WARNING * * *
Veneficus's ghost closely misses you.
Your skin crawls.
You feel resistant to hostile enchantments.
You feel somewhat more hungry. Veneficus's ghost barely misses you.
You furiously retaliate!
You headbutt veneficus's ghost. Veneficus's ghost hits you!
You die...

#. .... .# #... ... ...#
#####..###.###..#
.......#...#...# #.#
#...._.....# #..
#..#...#...# ≈
#.##.###.###..#
≈≈.##..#..#...#...######
≈≈...........W@.........
≈≈.###..#.#.......######
##.#.........#
#..##.......#
##.##.......#
#..#.......#
##....##.### #.##.##.#
#......#.##.#


You could see veneficus's ghost.

Vanquished Creatures
  An orc priest (D:3)
  3 orc wizards (D:3)
  Terence (D:2)
  10 adders
  A gnoll (D:3)
  An ooze (D:1)
  A worm (D:3)
  A dart slug (D:1)
  5 orcs (D:3)
  3 bats
  3 giant cockroaches
  4 goblins
  8 hobgoblins
  11 jackals
  7 kobolds
  A quokka (D:3)
  4 frilled lizards
  3 rats
68 creatures vanquished.

Vanquished Creatures (others)
  7 toadstools (D:1)
7 creatures vanquished.

Grand Total: 75 creatures vanquished

Notes
Turn   | Place    | Note
-------+----------+-------------------------------------------
     0 | D:1      | honkan the Minotaur Berserker began the quest for the Orb.
     0 | D:1      | Reached XP level 1. HP: 19/19 MP: 0/0
   457 | D:1      | Reached XP level 2. HP: 22/27 MP: 1/1
   568 | D:1      | Reached skill level 4 in Axes
   975 | D:1      | Reached XP level 3. HP: 33/33 MP: 2/2
  1382 | D:2      | Reached XP level 4. HP: 38/41 MP: 3/3
  1753 | D:2      | Noticed Terence
  1759 | D:2      | Killed Terence
  1759 | D:2      | Reached skill level 5 in Axes
  1856 | D:2      | Reached ** piety under Trog
  2195 | D:2      | Reached XP level 5. HP: 47/47 MP: 4/4
  2814 | D:3      | Reached skill level 5 in Fighting
  3488 | D:3      | Reached XP level 6. HP: 47/56 MP: 5/5
  3928 | D:3      | Reached skill level 6 in Axes
  4309 | D:4      | You fall through a shaft for 2 floors!
  4317 | D:6      | Found a radiant altar of Vehumet.
  4349 | D:6      | Noticed veneficus's ghost (novice MiBe)
  4380 | D:6      | Slain by veneficus's ghost

Skill      XL: |  1  2  3  4  5  6 |
---------------+-------------------+-----
Fighting       | 4 5 |  5.1
Axes           | 4 5 6 |  6.1
Armour         | 3 4 |  4.2
Dodging        | |  2.9
Stealth        | |  0.8

Action                   |  1- 3 |  4- 6 || total
-------------------------+-------+-------++-------
Melee: Hand axe          |    52 |    56 ||   108
       Headbutt          |     9 |    13 ||    22
       War axe           |       |    40 ||    40
Invok: Berserk           |     7 |    10 ||    17
       Trog's Hand       |       |     3 ||     3
       Burn Spellbooks   |       |     1 ||     1
Evoke: Wand              |       |     3 ||     3
  Use: Scroll            |       |     3 ||     3
       Potion            |       |     2 ||     2
  Eat: Chunk             |     4 |    10 ||    14
       Bread ration      |     1 |     1 ||     2
       Meat ration       |       |     1 ||     1
Armor: Animal skin       |    12 |       ||    12
       Scale mail        |     2 |     1 ||     3
       Chain mail        |       |    45 ||    45
Dodge: Dodged            |    46 |    54 ||   100
